 Dungeon Crawl Stone Soup version 0.23-a0-489-g205b0b6 (webtiles) character file.

2 Amnesiac the Sneak (level 1, -2/9 HPs)
             Began as a Spriggan Enchanter on Dec 2, 2018.
             Slain by a kobold
             ... wielding a +1 whip of flaming
              (4 damage)
             ... on level 1 of the Dungeon.
             The game lasted 00:00:32 (21 turns).

Amnesiac the Sneak (Spriggan Enchanter)               Turns: 21, Time: 00:00:32

Health: -2/9       AC:  2    Str:  4    XL:     1   Next: 33%
Magic:  4/5        EV: 18    Int: 16    God:
Gold:   0          SH:  0    Dex: 16    Spells: 4/5 levels left

rFire    . . .     SeeInvis +   a - +1 dagger
rCold    . . .     Gourm    .   (shield restricted)
rNeg     . . .     Faith    .   b - +0 robe
rPois    .         Spirit   .   (helmet restricted)
rElec    .         Reflect  .   (no cloak)
rCorr    .         Harm     .   (gloves unavailable)
MR       .....                  (boots unavailable)
Stlth    +++.......             (no amulet)
HPRegen  0.03/turn              (no ring)
MPRegen  0.09/turn              (no ring)

@: very quick
A: very small, unfitting armour, see invisible, herbivore, speed 3, slow
metabolism 2
a: no special abilities


You were on level 1 of the Dungeon.
You were not hungry.

You visited 1 branch of the dungeon, and saw 1 of its levels.

Inventory:

Hand Weapons
 a - a +1 dagger (weapon)
Armour
 b - a +0 robe (worn)
Comestibles
 d - a ration


   Skills:
 + Level 1.1 Short Blades
 + Level 3.0 Dodging
 * Level 4.5 Stealth
 + Level 2.7 Spellcasting
 + Level 3.6 Hexes


You had 4 spell levels left.
You knew the following spells:

 Your Spells              Type           Power        Failure   Level  Hunger
a - Corona                Hex            ##.....      4%          1    #......

Your spell library contained the following spells:

 Spells                   Type           Power        Failure   Level  Hunger
 Confuse                  Hex            ##......     13%         3    ###....
 Tukima's Dance           Hex            ##......     13%         3    ###....
 Ensorcelled Hibernation  Hex/Ice        #.....       14%         2    ##.....
 Dazzling Spray           Conj/Hex       #.....       26%         3    ###....


Dungeon Overview and Level Annotations

Branches:
Dungeon (1/15)

Altars:


Innate Abilities, Weirdness & Mutations

You are very small and have problems with some larger weapons.
You are too small for most types of armour.
You have supernaturally acute eyesight. (SInv)
You are a herbivore.
You cover ground extremely quickly.
You need to consume almost no food.


Message History

Welcome, Amnesiac the Spriggan Enchanter.
Will you prevail where others failed? Will you find the Orb of Zot?
Press ? for a list of commands and other information.
Found a staircase leading out of the dungeon.
Unknown command.
Adjust (i)tems, (s)pells, or (a)bilities?
Okay, then.
Casting: Corona (safe; 4% risk of failure)
Confirm with . or Enter, or press ? or * to list all spells.
You don't know that spell.
There is a fountain of clear blue water here.
You open the door.
There is an open door here. 2 jackals come into view.
Found a ration.
There are monsters nearby!
Found 5 stones, 17 bolts and a scroll labeled FAL UDUNUPS.
The helpless jackal fails to defend itself.
You impale the jackal!!
You kill the jackal! 2 rats come into view.
A kobold comes into view. It is wielding a +1 whip of flaming.
The helpless jackal fails to defend itself.
You impale the jackal!!
You kill the jackal!
Found 6 gold pieces.
The kobold shouts!
You see here 17 bolts.
You see here a scroll labeled FAL UDUNUPS {!r}.
Casting: Corona (safe; 4% risk of failure)
Confirm with . or Enter, or press ? or * to list all spells.
Aiming: Corona (safe; 4% risk of failure)
Press: ? - help, Shift-Dir - straight line, f - kobold
Aim: a kobold, wielding a +1 whip of flaming (chance to defeat MR: 67%)
The kobold is outlined in light.
A rat comes into view.
Press: ? - help, v - describe, . - travel
Here: a kobold, wielding a +1 whip of flaming (softly glowing)
The floor.
You barely miss the kobold.
The kobold hits you with a +1 whip of flaming!
Ouch! That really hurt!
* * * LOW HITPOINT WARNING * * *
The kobold burns you.
You die...

..r.... ##...........#
#...(...##............#
##...........##.###....#
................##......
#.............#.........
#.............##..#'#..#
.....##.##...####⌠####
##..##(...8..++⌠<⌠+
#..@?......####⌠##
##..K.....## #+#
...###.....# #r#.
#....... # # #........
.###....# . .#... #.#


You could see a kobold and a rat.

Vanquished Creatures
  2 jackals (D:1)
2 creatures vanquished.

Notes
Turn   | Place    | Note
-------+----------+-------------------------------------------
     0 | D:1      | Amnesiac the Spriggan Enchanter began the quest for the
                  | Orb.
     0 | D:1      | Reached XP level 1. HP: 9/9 MP: 5/5
    21 | D:1      | Slain by a kobold

Vault maps used:
D:1:      grunt_arrival_crossed_arrows, st_stairs_5

Action                   || total
-------------------------++-------
Melee: Dagger            ||     3
 Cast: Corona            ||     1
 Stab: Sleeping          ||     2

Table legend:
 A = Non-vault XP
 B = Vault XP
 C = Vault XP percentage of total XP
 D = Non-vault monster count
 E = Vault monster count
 F = Vault count percentage of total count
                 A         B        C        D         E       F
            +---------+---------+-------+---------+---------+-------
      Total |       4 |       0 |   0.0 |       2 |       0 |   0.0
            +---------+---------+-------+---------+---------+-------
        D:1 |       4 |       0 |   0.0 |       2 |       0 |   0.0
            +---------+---------+-------+---------+---------+-------
